 Dungeon Crawl Stone Soup version 0.23.1 (webtiles) character file.

Game seed: 0

476 myga the Insei (level 7, 0/43 HPs)
             Began as a Halfling Transmuter on Mar 19, 2019.
             Was an Initiate of Wu Jian.
             Killed from afar by an orc wizard (8 damage)
             ... with a magic dart
             ... on level 4 of the Dungeon.
             The game lasted 00:28:32 (6213 turns).

myga the Insei (Halfling Transmuter)                Turns: 6213, Time: 00:28:32

Health: 0/43       AC: 10    Str: 12    XL:     7   Next: 32%
Magic:  5/11       EV: 15    Int: 12    God:    Wu Jian [......]
Gold:   308        SH:  0    Dex: 15    Spells: 1/11 levels left

rFire    . . .     SeeInvis .     - Unarmed
rCold    + . .     Gourm    .   (shield restricted)
rNeg     . . .     Faith    .   g - +2 leather armour {rC+}
rPois    .         Spirit   .   i - +0 helmet
rElec    .         Reflect  .   (no cloak)
rCorr    .         Harm     .   (no gloves)
MR       .....                  (no boots)
Stlth    ++........             r - amulet of the acrobat
HPRegen  0.14/turn              m - +4 ring of protection
MPRegen  0.12/turn              (no ring)

@: very slightly contaminated
A: small, mutation resistance 1
a: Renounce Religion


You were on level 4 of the Dungeon.
You worshipped Wu Jian.
Wu Jian was noncommittal.
You were hungry.

You visited 2 branches of the dungeon, and saw 5 of its levels.

You collected 308 gold pieces.

Inventory:

Missiles
 n - 4 tomahawks (quivered)
 o - 4 poisoned tomahawks
Armour
 b - a +0 robe
 g - a +2 leather armour of cold resistance (worn)
 i - a +0 helmet (worn)
Jewellery
 m - a +4 ring of protection (left hand)
 r - an amulet of the acrobat (around neck)
Wands
 k - a wand of paralysis (10)
Scrolls
 c - a scroll of enchant armour
 e - a scroll of remove curse
 l - a scroll of enchant weapon {unknown}
 p - a scroll of amnesia {unknown}
 q - a scroll of magic mapping
Potions
 a - a potion of flight
Comestibles
 d - 5 rations
 f - a chunk of flesh


   Skills:
 + Level 1.3 Fighting
 + Level 0.1 Throwing
 + Level 1.4 Armour
 + Level 3.5 Dodging
 + Level 2.1 Stealth
 + Level 3.8 Unarmed Combat
 + Level 2.8 Spellcasting
 + Level 2.7 Transmutations
 + Level 0.2 Poison Magic


You had one spell level left.
You knew the following spells:

 Your Spells              Type           Power        Failure   Level  Hunger
a - Beastly Appendage     Tmut           #.....       11%         1    #......
b - Sticks to Snakes      Tmut           #.......     16%         2    ###....
c - Spider Form           Tmut/Pois      #.........   47%         3    ###....
d - Ice Form              Ice/Tmut       #.......     88%         4    #####..

Your spell library contained the following spells:

 Spells                   Type           Power        Failure   Level  Hunger
 Blade Hands              Tmut           #.........   96%         5    ######.


Dungeon Overview and Level Annotations

Branches:
Dungeon (4/15)             Temple (1/1) D:4

Altars:
Ashenzari
Cheibriados
Dithmenos
Elyvilon
Fedhas
Gozag
Hepliaklqana
Kikubaaqudgha
Okawaru
Ru
Trog
Uskayaw
Vehumet
Wu Jian
Xom
Yredelemnul
Zin
The Shining One

Shops:
D:4 *


Innate Abilities, Weirdness & Mutations

You are small and have problems with some larger weapons.
You are somewhat resistant to further mutation.


Message History

The orc misses you.
Okay, then.
You hit the orc. You punch the orc.
The orc is almost dead.
You hit the orc.
You kill the orc!
The Council accepts your kill.
The orc wizard begins to cast a cantrip, but forgets the words!
Casting: Beastly Appendage (safe; 11% risk of failure)
Confirm with . or Enter, or press ? or * to list all spells.
You miscast Spider Form.
You are very lightly contaminated with residual magic.
You feel mildly nauseous.
You are feeling hungry.
Casting: Spider Form (slightly dangerous; 47% risk of failure)
Confirm with . or Enter, or press ? or * to list all spells.
You miscast Spider Form.
You feel slightly ill. The orc wizard casts a spell at you.
The magic dart hits you!
You die...

###########
#.........#
#.........#
##..........
###......##+##
#.'.......#
#o#o......#
#@#.......#
#.#.......#
########.#.......#
.........+........>
#####...#.......#.
##..#..######.#
#########...#.....#
.......รท...###....#
#######...........#


You could see an orc wizard.

Vanquished Creatures
  The ghost of Terandir the Archer, an amateur CeHu (D:3)
  A bullfrog (D:2)
  An orc priest (D:4)
  2 orc wizards (D:2)
  Robin (D:3)
  4 gnolls
  7 adders (D:2)
  3 dart slugs
  2 leopard geckos
  11 orcs
  A ball python (D:4)
  7 bats
  A giant cockroach (D:1)
  19 goblins
  13 hobgoblins
  12 jackals
  3 kobolds
  2 quokkas
  4 frilled lizards
  10 rats
105 creatures vanquished.

Vanquished Creatures (collateral kills)
  An adder (D:3)
  2 gnolls
  A ball python (D:3)
4 creatures vanquished.

Grand Total: 109 creatures vanquished

Notes
Turn   | Place    | Note
-------+----------+-------------------------------------------
     0 | D:1      | myga the Halfling Transmuter began the quest for the Orb.
     0 | D:1      | Reached XP level 1. HP: 12/12 MP: 3/3
   315 | D:1      | Reached XP level 2. HP: 9/18 MP: 4/4
   525 | D:1      | Learned a level 2 spell: Sticks to Snakes
   801 | D:1      | Reached XP level 3. HP: 18/22 MP: 3/5
  1755 | D:2      | Reached XP level 4. HP: 19/27 MP: 2/6
  2142 | D:2      | Reached skill level 1 in Stealth
  2343 | D:2      | Learned a level 3 spell: Spider Form
  2521 | D:2      | Reached XP level 5. HP: 29/32 MP: 1/8
  2547 | D:2      | Reached skill level 1 in Fighting
  3002 | D:3      | Found a runed translucent gate.
  3002 | D:3      | Found a runed translucent gate.
  3002 | D:3      | Found a runed translucent gate.
  3002 | D:3      | Noticed a bullfrog
  3003 | D:3      | Noticed Terandir's ghost (amateur CeHu)
  3313 | D:2      | Killed a bullfrog
  3313 | D:2      | Reached XP level 6. HP: 20/38 MP: 7/9
  4429 | D:2      | Learned a level 4 spell: Ice Form
  4438 | D:3      | Noticed Robin
  4765 | D:3      | Found a radiant altar of Vehumet.
  4794 | D:3      | Killed Robin
  5583 | D:3      | Reached skill level 1 in Armour
  5748 | D:3      | Killed Terandir's ghost
  5748 | D:3      | Reached XP level 7. HP: 19/43 MP: 1/11
  5960 | D:4      | Found a staircase to the Ecumenical Temple.
  5972 | Temple   | Entered the Ecumenical Temple
  6033 | Temple   | Became a worshipper of the Wu Jian Council
  6148 | D:4      | Found Ywanoran's General Store.
  6213 | D:4      | Killed from afar by an orc wizard

Skill      XL: |  1  2  3  4  5  6 |
---------------+-------------------+-----
Unarmed Combat | 3 |  3.8
Stealth        | 1 2 |  2.1
Spellcasting   | 2 |  2.8
Transmutations | 2 |  2.7
Fighting       | 1 |  1.3
Dodging        | 3 |  3.5
Armour         | 1 |  1.4
Throwing       | |  0.1
Poison Magic   | |  0.2

Action                   |  1- 3 |  4- 6 |  7- 9 || total
-------------------------+-------+-------+-------++-------
Melee: Unarmed           |   127 |   267 |    35 ||   429
       Kick              |     7 |    35 |     5 ||    47
       Punch             |     1 |     2 |     1 ||     4
       Headbutt          |     1 |    12 |       ||    13
Throw: Tomahawk          |       |     1 |       ||     1
 Cast: Beastly Appendage |    13 |    38 |     3 ||    54
       Sticks to Snakes  |     1 |    11 |       ||    12
       Spider Form       |       |     3 |       ||     3
  Use: Scroll            |     1 |     2 |     3 ||     6
       Potion            |     1 |     4 |       ||     5
 Stab: Sleeping          |     1 |     1 |       ||     2
       Distracted        |     1 |       |       ||     1
  Eat: Chunk             |     3 |    14 |     3 ||    20
Armor: Robe              |    14 |    14 |       ||    28
       Leather armour    |       |    29 |     6 ||    35
Dodge: Dodged            |   111 |   276 |    27 ||   414
